 Dungeon Crawl Stone Soup version 0.29-a0-360-g8ed1089bbe (webtiles) character file.

Game seed: 45409479939888905

126 timneilson the Shield-Bearer (level 5, 0/33 HPs)
             Began as a Gargoyle Fighter on Apr 28, 2022.
             Slain by a river rat (7 damage)
             ... in a sewer.
             The game lasted 00:05:22 (3023 turns).

timneilson the Shield-Bearer (Gargoyle Fighter)     Turns: 3023, Time: 00:05:22

Health: 0/33       AC: 13    Str: 22    XL:     5   Next: 9%
Magic:  5/5        EV:  7    Int:  8    God:
Gold:   228        SH:  5    Dex:  9    Spells: 4/4 levels left

rFire   . . .      SeeInvis .   a - +0 long sword
rCold   . . .      Faith    .   c - +1 buckler
rNeg    + . .      Spirit   .   m - +0 chain mail
rPois   ∞          Reflect  .   (no helmet)
rElec   +          Harm     .   (no cloak)
rCorr   .          Rampage  .   (no gloves)
Will    .....                   (no boots)
Stlth   ..........              h - amulet of the acrobat
HPRegen 0.11/turn               (no ring)
MPRegen 0.09/turn               (no ring)

@: hasted, very quick
A: sickness immunity, AC +4, negative energy resistance 1, electricity
resistance, torment resistance 1, petrification resistance
a: no special abilities


You were in a sewer.
You visited 1 branch of the dungeon, and saw 3 of its levels.
You also visited: Sewer.

You collected 228 gold pieces.

Inventory:

Hand Weapons
 a - a +0 long sword (weapon)
Armour
 c - a +1 buckler (worn)
 m - a +0 chain mail (worn)
Jewellery
 h - an amulet of the acrobat (around neck)
 j - a ring of protection from fire
Wands
 l - a wand of flame (26)
 n - a wand of acid (9)
Scrolls
 k - a scroll of teleportation
Potions
 b - 2 potions of lignification {unknown}
 d - 2 potions of might
 e - a potion of resistance {unknown}
 i - a potion of flight {unknown}
 o - a potion of curing {unknown}


   Skills:
 + Level 3.7 Fighting
 * Level 2.9 Long Blades
 * Level 4.1 Armour
 + Level 0.9 Dodging
 * Level 4.1 Shields
 + Level 0.1 Evocations


You had 4 spell levels left.
You didn't know any spells.
Your spell library contained the following spells:

 Spells                   Type           Power      Damage    Failure   Level
 Summon Small Mammal      Summ           0%         N/A       99%         1
 Call Canine Familiar     Summ           0%         N/A       100%        3
 Summon Guardian Golem    Hex/Summ       0%         N/A       100%        3


Dungeon Overview and Level Annotations

Branches:
Dungeon (3/15)              Sewer (1/1)

Altars:

Shops:
D:1 !


Innate Abilities, Weirdness & Mutations

You are immune to sickness and miasma.
Your stone body is resilient. (AC +4)
You are immune to poison.
You resist negative energy. (rN+)
You are resistant to electric shocks. (rElec)
You are resistant to unholy torment.
You are immune to petrification.


Message History

* * * LOW HITPOINT WARNING * * *
You closely miss the river rat.
The river rat is severely wounded.
The river rat barely misses you. You block the river rat's attack.
Unknown command.
You feel yourself speed up. The river rat bites you.
* * * LOW HITPOINT WARNING * * *
The river rat bites you but does no damage.
You hit the river rat.
The river rat is almost dead.
The river rat completely misses you. The river rat closely misses you.
You barely miss the river rat.
The river rat is almost dead.
The river rat barely misses you. x2
You slash the river rat!
You kill the river rat!
The river rat bites you but does no damage.
There is a gate leading back out of this place here.
You hit the river rat but do no damage.
The river rat is moderately wounded.
You block the river rat's attack.
You barely miss the river rat.
The river rat is moderately wounded.
The river rat bites you but does no damage.
You hit the river rat.
The river rat is heavily wounded.
The river rat closely misses you.
You hit the river rat but do no damage.
The river rat is heavily wounded.
The river rat barely misses you.
You closely miss the river rat.
The river rat is heavily wounded.
The river rat bites you but does no damage.
You hit the river rat.
The river rat is almost dead.
The river rat barely misses you.
You hit the river rat but do no damage.
The river rat is almost dead.
The river rat bites you!
You die... ################ ≈......∩@rr....# ################

You could see a river rat and a rat.

Vanquished Creatures
  3 adders (D:2)
  2 river rats
  2 worms (D:2)
  A dart slug (D:1)
  7 ball pythons
  5 endoplasms
  6 giant cockroaches
  4 hobgoblins
  3 jackals (D:2)
  2 quokkas (D:2)
  6 bats
  6 frilled lizards
  11 goblins
  4 kobolds (D:1)
  9 rats
71 creatures vanquished.

Notes
Turn   | Place    | Note
-------+----------+-------------------------------------------
     0 | D:1      | timneilson the Gargoyle Fighter began the quest for the
                  | Orb.
     0 | D:1      | Reached XP level 1. HP: 14/14 MP: 1/1
   207 | D:1      | Found Ohobaff's Distillery.
   253 | D:1      | Reached XP level 2. HP: 2/19 MP: 2/2
  1017 | D:1      | Found a faded altar of an unknown god.
  1092 | D:1      | Reached XP level 3. HP: 17/23 MP: 3/3
  1783 | D:2      | Reached XP level 4. HP: 12/28 MP: 4/4
  2945 | D:3      | Found a glowing drain.
  2986 | D:3      | Reached XP level 5. HP: 28/33 MP: 5/5
  2995 | Sewer    | Entered a sewer
  3023 | Sewer    | Slain by a river rat

Illustrated notes

Levels and vault maps discovered:
D:1:      psy_arrival_dodecagon, layout_basic, ebering_ecumenical_altar_ruins,
          serial_shops, shop_fountains, chequers_serial_rivers_large_a,
          serial_park_tiny_2, grunt_decor_arrowhead, minmay_misc_feat_hallway,
          minmay_hedge_maze, kennysheep_nondescript, st_stairs_5
D:2:      cheibrodos_helix_gallery, layout_basic, grunt_decor_cap,
          minmay_increasing_density
D:3:      layout_basic, portal_sewer_entry_c, gammafunk_ghost_cemetery
Sewer:    sewer_kobolds

Skill      XL: |  1  2  3  4 |
---------------+-------------+-----
Long Blades    | 2 |  2.9
Shields        | 4 |  4.1
Armour         | 4 |  4.1
Fighting       | |  3.7
Dodging        | |  0.9
Evocations     | |  0.1

Action                   |  1- 3 |  4- 6 || total
-------------------------+-------+-------++-------
Melee: Long sword        |   141 |   142 ||   283
  Use: Scroll            |     3 |     1 ||     4
       Potion            |       |     1 ||     1
Armor: Scale mail        |    81 |    31 ||   112
       Chain mail        |       |    46 ||    46
Dodge: Dodged            |    78 |    59 ||   137
Block: Buckler           |    35 |    49 ||    84

Table legend: (Time is in decaauts)
 A = Elapsed time spent in this place.
 B = Non-inter-level travel time spent in this place.
 C = Inter-level travel time spent in this place.
 D = Time resting spent in this place.
 E = Time spent auto-exploring this place.
 F = Levels seen in this place.
 G = Mean time per level.
                   A        B        C        D        E       F      G
               +--------+--------+--------+--------+--------+-----+--------+
         Total |   3117 |   3070 |     47 |    232 |   2057 |   4 |  779.2 |
       Dungeon |   3087 |   3040 |     47 |    232 |   2057 |   3 | 1029.0 |
         Sewer |     29 |     29 |      0 |      0 |      0 |   1 |   29.0 |
               +--------+--------+--------+--------+--------+-----+--------+

Top non-repeatable levels by time:
     D:1: 1626 daAuts
     D:2: 1314 daAuts
     D:3: 147 daAuts
   Sewer: 29 daAuts
